AoeStats
← TIGER35397

Four Lakes

508975568Analyzed
1v1 RM · 8d ago on Sep 24, 2026· 21m 39s· 2 players
Game mode
Random Map
Map size
Tiny (2 player)
Population
200
Speed
Normal
Resources
Standard
Victory
Conquest
Starting age
Dark Age
Ending age
Imperial Age
RankedLock teamsTeams togetherTeam positionsShared explorationLock speedFull tech treeHidden civsTurbo modeCheats
Victory
Defeat
🇺🇸 Malay · United States
1291
+17
🇲🇽 Aztecs · Mexico
1305
-17
TIGER35397
6:47 Loom
10:10 Feudal Age
13:54 Fletching
14:18 Double-Bit Axe
14:58 Padded Archer Armor
22:36 Castle Age
[LCQL]Wlkr
5:13 Loom
10:58 Feudal Age
11:27 Town Watch
15:02 Man-at-Arms
16:08 Forging
17:10 Wheelbarrow
20:32 Arson
21:16 Fletching
Connection lost

Rejoining the realm…

Still unreachable

The connection could not be restored.

Session expired

The server has moved on; the page needs a fresh start.